 Dungeon Crawl Stone Soup version 0.23-a0-444-g76343ca (webtiles) character file.

26598 riellis the Cleaver (level 13, -11/95 HPs)
             Began as a Formicid Fighter on Nov 17, 2018.
             Was a Priest of the Shining One.
             Killed from afar by a steam dragon (18 damage)
             ... with a ball of steam
             ... on level 3 of the Lair of Beasts.
             The game lasted 00:51:12 (17700 turns).

riellis the Cleaver (Formicid Fighter)             Turns: 17700, Time: 00:51:13

Health: -11/95     AC: 22    Str: 27    XL:     13   Next: 59%
Magic:  0/20       EV: 11    Int:  7    God:    the Shining One [***...]
Gold:   1336       SH: 12    Dex: 16    Spells: 12/12 levels left

rFire    . . .     SeeInvis +   a - +1 broad axe
rCold    . . .     Gourm    .   c - +0 shield
rNeg     + . .     Faith    .   A - +1 plate armour
rPois    .         Spirit   +   (helmet unavailable)
rElec    .         Reflect  .   h - +2 cloak
rCorr    .         Harm     .   P - +1 pair of gloves
MR       +....                  (no boots)
Stlth    ..........             e - amulet of guardian spirit
HPRegen  0.25/turn              Y - +3 ring of dexterity
MPRegen  0.17/turn              M - ring of Riowul {+Fly Str+5 Int-2 SInv}

@: frozen, glowing, very slow
A: permanent stasis, dig shafts and tunnels, four strong arms, antennae 3
a: Dig, Shaft Self, Divine Shield, Renounce Religion, Evoke Flight


You were on level 3 of the Lair of Beasts.
You worshipped the Shining One.
The Shining One was most pleased with you.
You were hungry.

You visited 3 branches of the dungeon, and saw 16 of its levels.

You collected 1336 gold pieces.

Inventory:

Hand Weapons
 a - a +1 broad axe (weapon)
 p - a +0 whip of electrocution
 S - a +0 dagger of venom
Missiles
 g - 351 stones
 l - 82 sling bullets
 q - 92 bolts
 G - 13 tomahawks (quivered)
 I - 3 exploding tomahawks
Armour
 c - a +0 shield (worn)
 h - a +2 cloak (worn)
 u - a +0 troll leather armour
 A - a +1 plate armour (worn)
 C - the +3 ring mail "Otuu" {+Fly SInv}
   (You found it on level 4 of the Dungeon)

   It lets you see invisible.
   It lets you fly.
 H - a +2 leather armour of cold resistance
 P - a +1 pair of gloves (worn)
Magical Staves
 s - an uncursed staff of fire
Jewellery
 d - an uncursed ring of ice
 e - an amulet of guardian spirit (around neck)
 y - an uncursed ring of protection from magic
 J - a +3 ring of strength
 L - an uncursed ring of ice
 M - the ring of Riowul (right hand) {+Fly Str+5 Int-2 SInv}
   (You found it on level 8 of the Dungeon)

   [ring of strength]

   It affects your strength (+5).
   It affects your intelligence (-2).
   It lets you see invisible.
   It lets you fly.
 W - a +3 ring of intelligence
 Y - a +3 ring of dexterity (left hand)
Wands
 F - a wand of iceblast (1)
 N - a wand of disintegration (12)
 T - a wand of flame (36)
Scrolls
 i - 2 scrolls of amnesia
 j - 9 scrolls of remove curse
 k - 2 scrolls of identify
 n - 2 scrolls of enchant weapon
 v - 3 scrolls of enchant armour
Potions
 o - 3 potions of brilliance
 t - a potion of ambrosia
 x - 2 potions of mutation
 z - 4 potions of cancellation
 B - 4 potions of curing
 D - 2 potions of lignification
 K - 2 potions of resistance
 O - 8 potions of flight
 Z - 2 potions of degeneration {unknown}
Comestibles
 f - 32 rations


   Skills:
 + Level 6.9 Fighting
 * Level 14.1 Axes
 + Level 11.6 Armour
 - Level 5.0 Dodging
 - Level 9.0 Shields
 + Level 10.0 Invocations


You had 12 spell levels left.
You didn't know any spells.
Your spell library contained the following spells:

 Spells                   Type           Power        Failure   Level  Hunger
 Animate Skeleton         Necr           N/A          98%         1    ##.....
 Apportation              Tloc           #.....       98%         1    ##.....
 Confusing Touch          Hex            #.....       98%         1    ##.....
 Summon Butterflies       Summ           #.......     98%         1    ##.....
 Summon Small Mammal      Summ           #...         98%         1    ##.....
 Lesser Beckoning         Tloc           #.........   100%        3    ####...
 Tukima's Dance           Hex            #.......     100%        3    ####...
 Alistair's Intoxication  Tmut/Pois      #.......     100%        5    ######.
 Invisibility             Hex            #.......     100%        6    #######


Dungeon Overview and Level Annotations

Branches:
Dungeon (12/15)            Temple (1/1) D:5            Lair (3/6) D:10
    Orc (0/2) D:9
  Swamp: Lair:2-4    Shoals: Lair:2-4     Snake: Lair:2-4    Spider: Lair:2-4

Altars:
Ashenzari
Cheibriados
Dithmenos
Elyvilon
Fedhas
Gozag
Hepliaklqana
Kikubaaqudgha
Makhleb
Nemelex Xobeh
Okawaru
Qazlal
Ru
Sif Muna
Trog
Uskayaw
Vehumet
Wu Jian
Xom
Yredelemnul
Zin
The Shining One

Shops:
D:9 *[

Portals:
Trove: D:10 (show slimy rune of Zot)

Annotations:
Lair:3 exclusion: oklob plant


Innate Abilities, Weirdness & Mutations

You cannot be hasted, slowed, berserked, paralysed or teleported.
You can dig through walls and to a lower floor.
Your four strong arms can wield two-handed weapons with a shield.
You have a pair of large antennae on your head. (SInv)


Message History

* * * LOW HITPOINT WARNING * * *
You block the rime drake's attack.
You hit the steam dragon.
You kill the steam dragon!
You slash the rime drake! You hit the steam dragon. You slash the acid dragon!
You kill the acid dragon!
The rime drake breathes ice at you. The flash freeze hits you!
* * * LOW HITPOINT WARNING * * *
You are encased in ice.
The steam dragon closely misses you. You block the steam dragon's attack.
You feel better.
You are engulfed in a cloud of scalding steam.
* * * LOW HITPOINT WARNING * * *
The rime drake is engulfed in a cloud of scalding steam.
The rime drake dies!
Your Invocations skill increases to level 10!
The steam dragon breathes steam at you. The ball of steam hits you!
You die...

≈≈≈..#..# ........##
## ...#.#..P####P## ##
..#......##....# §# D
..#.....#..#.P###≈ #.#
#...P........###≈##
.≈..
...###.###.P.###§≈##
≈.... ... ##
###.P#..§≈##...... ##
#......@D.k†....8.
....#.....††.[[$.....
..>.⌠........#P.#..#.P
.....#..[#P.......P.#
#.⌠..###..............
#### #..#...........
####P......P...
##$........ P.......


You could see a rime drake and a steam dragon.

Vanquished Creatures
  2 hydras (Lair:3)
  Fannar (Lair:1)
  4 two-headed ogres
  A tengu warrior (D:12)
  Nergalle (Lair:1)
  A deep elf mage (D:12)
  A cyclops (D:11)
  2 black mambas (Lair:2)
  Psyche (D:8)
  5 spiny frogs
  3 rime drakes (Lair:3)
  A guardian mummy (D:10)
  A komodo dragon (Lair:2)
  4 trolls
  A hornet (D:7)
  Prince Ribbit (D:5)
  4 blink frogs
  3 hippogriffs
  A vampire (D:10)
  3 hogs (D:7)
  2 wraiths
  14 yaks
  A human (D:7)
  A wyvern (D:11)
  A hungry ghost (D:10)
  Grum (D:8)
  7 steam dragons
  An acid dragon (Lair:3)
  2 water moccasins
  6 porcupines
  Duvessa (D:7)
  9 orc warriors
  2 black bears
  An ice beast (D:8)
  4 sky beasts
  3 wolves (D:8)
  2 eyes of draining
  A necrophage (D:9)
  7 ogres
  3 centaurs
  A big kobold (D:8)
  A crocodile (Lair:1)
  13 bullfrogs
  Dowan (D:7)
  A water moccasin zombie (D:4)
  4 scorpions
  13 killer bees
  3 howler monkeys
  9 crimson imps
  5 bullfrog zombies
  3 quasits
  5 centaur zombies
  3 hounds
  A bullfrog skeleton (D:7)
  11 jellies
  11 orc priests
  2 centaur skeletons
  4 iguanas
  20 orc wizards
  4 hell rats (Lair:3)
  Natasha (thrice) (D:3)
  6 worker ants
  3 killer bee zombies
  2 hound zombies
  A hound skeleton (D:9)
  6 worker ant zombies (D:4)
  8 adders
  3 shadow imps
  13 oozes (Lair:3)
  3 adder zombies
  An adder skeleton (D:9)
  3 worms
  3 dart slugs
  5 leopard geckos
  54 orcs
  A ball python (D:3)
  3 giant cockroaches
  5 hobgoblins
  11 kobolds
  6 quokkas
  A ball python zombie (D:4)
  6 bats
  3 frilled lizards
  A giant cockroach zombie (D:4)
  7 goblins
  A jackal skeleton (D:8)
  2 jackal zombies (D:4)
  A leopard gecko skeleton (D:4)
  A leopard gecko zombie (D:4)
  2 quokka zombies (D:4)
  6 rats
  2 fungi (D:7)
  4 plants (Lair:3)
  A toadstool (D:7)
403 creatures vanquished.

Vanquished Creatures (others)
  A rime drake (Lair:3)
  8 fungi
  2 plants
  2 toadstools (D:7)
13 creatures vanquished.

Grand Total: 416 creatures vanquished

Notes
Turn   | Place    | Note
-------+----------+-------------------------------------------
     0 | D:1      | riellis the Formicid Fighter began the quest for the Orb.
     0 | D:1      | Reached XP level 1. HP: 18/18 MP: 1/1
   240 | D:1      | Reached XP level 2. HP: 24/24 MP: 2/2
   769 | D:2      | Reached XP level 3. HP: 29/29 MP: 3/3
   970 | D:2      | Found an ornate altar of the Wu Jian Council.
   977 | D:2      | Reached skill level 3 in Axes
  1550 | D:3      | Reached XP level 4. HP: 35/35 MP: 4/4
  1790 | D:3      | Noticed Natasha
  1795 | D:3      | Killed Natasha
  1795 | D:3      | Reached XP level 5. HP: 41/41 MP: 5/5
  1906 | D:3      | Reached skill level 4 in Axes
  2036 | D:3      | Noticed Natasha
  2046 | D:3      | Killed Natasha
  2154 | D:3      | Noticed Natasha
  2167 | D:3      | Killed Natasha
  2167 | D:3      | Reached XP level 6. HP: 43/47 MP: 4/6
  2546 | D:4      | Reached skill level 5 in Shields
  2917 | D:4      | Reached skill level 5 in Axes
  2917 | D:4      | Reached XP level 7. HP: 50/52 MP: 5/7
  2961 | D:4      | Reached skill level 5 in Armour
  3355 | D:4      | Reached skill level 6 in Axes
  3364 | D:4      | Reached XP level 8. HP: 44/58 MP: 6/8
  3577 | D:4      | Got a heavily runed ring mail
  3588 | D:4      | Identified the +3 ring mail "Otuu" {+Fly SInv} (You found
                  | it on level 4 of the Dungeon)
  4327 | D:5      | Entered Level 5 of the Dungeon
  4501 | D:4      | Reached skill level 7 in Axes
  5031 | D:5      | Reached XP level 9. HP: 61/64 MP: 9/9
  5033 | D:5      | Noticed Prince Ribbit
  5059 | D:5      | Killed Prince Ribbit
  5059 | D:5      | Reached skill level 8 in Axes
  5193 | D:5      | Found a sparkling altar of Nemelex Xobeh.
  5193 | D:5      | Found a faded altar of an unknown god.
  5200 | D:5      | Found a sacrificial altar of Ru.
  5202 | D:5      | Found a faded altar of an unknown god.
  5203 | D:5      | Found a blossoming altar of Fedhas.
  5273 | D:5      | Found a white marble altar of Elyvilon.
  5289 | D:5      | Noticed a hippogriff
  5302 | D:5      | Killed a hippogriff
  5315 | D:5      | Found a staircase to the Ecumenical Temple.
  5346 | Temple   | Entered the Ecumenical Temple
  5525 | Temple   | Became a worshipper of the Shining One
  6066 | D:5      | Reached skill level 1 in Invocations
  6434 | D:6      | Noticed a two-headed ogre
  6908 | D:6      | Killed a two-headed ogre
  6908 | D:6      | Reached skill level 9 in Axes
  6908 | D:6      | Reached XP level 10. HP: 32/70 MP: 3/12
  7708 | D:7      | Reached skill level 1 in Dodging
  7881 | D:7      | Reached skill level 10 in Axes
  7930 | D:7      | Reached * piety under the Shining One
  8089 | D:7      | Noticed Dowan
  8090 | D:7      | Noticed Duvessa
  8108 | D:7      | Killed Duvessa
  8542 | D:7      | Killed Dowan
  8637 | D:7      | Found a bloodstained altar of Trog.
  8722 | D:7      | Found an iron altar of Okawaru.
  8901 | D:7      | Reached skill level 5 in Invocations
  9063 | D:8      | Reached XP level 11. HP: 75/75 MP: 14/14
  9091 | D:8      | Got a crude ivory ring
  9093 | D:8      | Identified the ring of Riowul {+Fly Str+5 Int-2 SInv} (You
                  | found it on level 8 of the Dungeon)
  9153 | D:8      | Found a deep blue altar of Sif Muna.
  9355 | D:8      | Noticed Psyche
  9362 | D:8      | Killed Psyche
  9408 | D:8      | Reached skill level 11 in Axes
  9499 | D:8      | Noticed Grum
  9508 | D:8      | Killed Grum
  9894 | D:9      | Found a staircase to the Orcish Mines.
  9894 | D:9      | Found Wakizephi's Armour Emporium.
 10088 | D:9      | Reached ** piety under the Shining One
 10838 | D:9      | Found Hasain's Lightly-Used Armoury.
 11367 | D:9      | Found a shattered altar of Ashenzari.
 11437 | D:10     | Entered Level 10 of the Dungeon
 11716 | D:10     | Noticed a two-headed ogre
 11732 | D:10     | Killed a two-headed ogre
 11994 | D:10     | Found a staircase to the Lair.
 12113 | D:10     | Reached *** piety under the Shining One
 12127 | D:10     | Reached skill level 12 in Axes
 12271 | D:10     | Found a portal to a secret trove of treasure.
 12280 | D:10     | Reached XP level 12. HP: 63/81 MP: 14/17
 12280 | D:10     | Reached skill level 10 in Armour
 12830 | D:11     | Noticed a two-headed ogre
 12838 | D:11     | Killed a two-headed ogre
 12844 | D:11     | Reached skill level 5 in Dodging
 13758 | D:11     | Noticed a two-headed ogre
 13769 | D:11     | Killed a two-headed ogre
 14284 | D:12     | Noticed a tengu warrior
 14312 | D:12     | Noticed a tengu warrior
 14319 | D:12     | Killed a tengu warrior
 14626 | Lair:1   | Entered Level 1 of the Lair of Beasts
 14626 | Lair:1   | Noticed Fannar
 14703 | Lair:1   | Killed Fannar
 14703 | Lair:1   | Reached skill level 13 in Axes
 15035 | Lair:1   | Reached skill level 5 in Fighting
 15066 | Lair:1   | Noticed Nergalle
 15095 | Lair:1   | Killed Nergalle
 16094 | Lair:2   | Reached XP level 13. HP: 82/92 MP: 17/19
 17231 | Lair:3   | Noticed an eight-headed hydra
 17242 | Lair:3   | Killed an eight-headed hydra
 17389 | Lair:3   | Noticed a five-headed hydra
 17400 | Lair:3   | Killed a five-headed hydra
 17425 | Lair:3   | Reached skill level 14 in Axes
 17700 | Lair:3   | Reached skill level 10 in Invocations
 17700 | Lair:3   | Killed from afar by a steam dragon

Vault maps used:
D:1:      dpeg_arrival_rooms_with_view
D:2:      lemuel_round_altar
D:3:      uniq_natasha
D:4:      serial_undead, serial_undead_b, serial_undead_d, serial_undead_c,
          serial_undead_f, serial_undead_d, serial_undead_a, serial_undead_f,
          serial_undead_c, serial_undead_c, serial_undead_c, chequers_big_river
D:5:      minmay_angry_zag, nicolae_overflow_hidden_temple,
          chequers_temple_overflow_minitemple, minmay_temple_entry_trees,
          first_ration, grunt_decor_resistance, uniq_prince_ribbit1
D:7:      trog_eyes_of_draining, lemuel_doored_altar, grunt_livestock,
          minmay_gold_behind_fungi, uniq_duvessa
D:8:      overflow_temple_1_default, hangedman_decor_opposing,
          minmay_misc_feat_cross, uniq_psyche, uniq_grum
D:9:      lemuel_crystal_altar, orc_david_3, minmay_shop_damaged
D:10:     lair_entry_dummy, serial_column_ruins, column_ruins_courtyard_long,
          column_ruins_hut_pillars, column_ruins_corridor_straight,
          column_ruins_grid_2, column_ruins_grid_2,
          column_ruins_corridor_straight, column_ruins_columns_plus,
          column_ruins_open_small_water, nicolae_trove_entry_path_of_doom
D:11:     eino_jars
D:12:     argonaut_gorgonesque, uniq_gastronok
Temple:   dshaligram_water_room_temple
Lair:1:   grunt_megastairs_4, infiniplex_staircase_pool_2, uniq_nergalle,
          uniq_fannar
Lair:2:   wad_woods_river_03, lemuel_fruit_fields
Lair:3:   lemuel_slime, bobbens_dragon_lair_wall, grunt_megastairs_2,
          serial_bayou_shore_b, serial_bayou_shore_b

Skill      XL: |  1  2  3  4  5  6  7  8  9 10 11 12 13 |
---------------+----------------------------------------+-----
Shields        | 4 5 6 7 8 9 |  9.0
Axes           | 3 4 5 6 7 9 10 12 13 14 | 14.1
Armour         | 4 5 6 7 8 9 10 11 | 11.6
Invocations    | 2 5 7 8 10 | 10.0
Dodging        | 2 4 5 |  5.0
Fighting       | 5 6 |  6.9

Action                   |  1- 3 |  4- 6 |  7- 9 | 10-12 | 13-15 || total
-------------------------+-------+-------+-------+-------+-------++-------
Melee: War axe           |   126 |    80 |   377 |   302 |       ||   885
       Broad axe         |       |       |       |   439 |   159 ||   598
       Hand axe          |       |       |       |    92 |       ||    92
       Whip              |       |       |       |       |    19 ||    19
Throw: Tomahawk          |     2 |       |     6 |    24 |     4 ||    36
       Stone             |       |       |       |     5 |       ||     5
Invok: Divine Shield     |       |       |       |     7 |     3 ||    10
 Abil: Dig               |     1 |       |     1 |     5 |     1 ||     8
Evoke: Wand              |       |       |     4 |     3 |       ||     7
  Use: Scroll            |       |       |     5 |    16 |     6 ||    27
       Potion            |       |       |       |     6 |     2 ||     8
  Eat: Chunk             |     2 |     1 |    10 |    25 |     6 ||    44
       Ration            |       |     1 |     1 |     2 |       ||     4
Armor: Scale mail        |    65 |    14 |       |       |       ||    79
       Chain mail        |       |    54 |    79 |       |       ||   133
       Plate armour      |       |       |   120 |   313 |    92 ||   525
       Ring mail         |       |       |    24 |       |       ||    24
Dodge: Dodged            |    58 |    55 |   115 |   254 |    67 ||   549
Block: Shield            |    61 |       |   126 |   544 |   134 ||   865
       Buckler           |     7 |    29 |    37 |       |       ||    73

Table legend:
 A = Non-vault XP
 B = Vault XP
 C = Vault XP percentage of total XP
 D = Non-vault monster count
 E = Vault monster count
 F = Vault count percentage of total count
                 A         B        C        D         E       F
            +---------+---------+-------+---------+---------+-------
      Total |   28805 |    9193 |  24.2 |     304 |      93 |  23.4
            +---------+---------+-------+---------+---------+-------
        D:1 |      25 |       3 |  10.7 |      17 |       2 |  10.5
        D:2 |      38 |       0 |   0.0 |      17 |       0 |   0.0
        D:3 |     350 |      33 |   8.6 |      16 |       1 |   5.9
        D:4 |     729 |     471 |  39.2 |      28 |      23 |  45.1
        D:5 |    1110 |     418 |  27.4 |      21 |       5 |  19.2
        D:6 |    1547 |     243 |  13.6 |      17 |       2 |  10.5
        D:7 |    1302 |    1441 |  52.5 |      22 |       9 |  29.0
        D:8 |     695 |     950 |  57.8 |      15 |       5 |  25.0
        D:9 |    2189 |      12 |   0.5 |      40 |       4 |   9.1
       D:10 |    4281 |     340 |   7.4 |      30 |       1 |   3.2
       D:11 |    4551 |     442 |   8.9 |      26 |       7 |  21.2
       D:12 |    1745 |       0 |   0.0 |      11 |       0 |   0.0
     Lair:1 |    1156 |    1793 |  60.8 |       8 |       2 |  20.0
     Lair:2 |    4913 |       0 |   0.0 |      19 |       0 |   0.0
     Lair:3 |    4174 |    3047 |  42.2 |      17 |      32 |  65.3
            +---------+---------+-------+---------+---------+-------
